 Dungeon Crawl Stone Soup version 0.29.1-15-g9cfb28693d (webtiles) character file.

Game seed: 14303060619438679316

4497 Hakkniv the Geomancer (level 10, -2/50 HPs)
             Began as a Gargoyle Earth Elementalist on Feb 27, 2023.
             Slain by a two-headed ogre
             ... wielding a +0 giant club
              (9 damage)
             ... on level 8 of the Dungeon.
             The game lasted 00:34:38 (8460 turns).

Hakkniv the Geomancer (Gargoyle Earth Elementalist) Turns: 8460, Time: 00:34:38

Health: -2/50      AC: 13    Str: 13    XL:     10   Next: 38%
Magic:  20/24      EV: 10    Int: 19    God:
Gold:   368        SH:  7    Dex: 10    Spells: 23/29 levels left

rFire   + . .      SeeInvis +   G - +4 flail (protect)
rCold   . . .      Faith    .   H - +1 kite shield {rF+}
rNeg    + . .      Spirit   .   h - +2 robe {Archmagi}
rPois   ∞          Reflect  .   a - +1 hat {SInv}
rElec   +          Harm     .   (no cloak)
rCorr   .          Rampage  .   A - +0 pair of gloves
Will    .....      Archmagi +   (no boots)
Stlth   ++........              (no amulet)
HPRegen 0.16/turn               (no ring)
MPRegen 0.19/turn               (no ring)

@: no status effects
A: sickness immunity, AC +7, negative energy resistance 1, electricity
resistance, torment resistance 1, petrification resistance
a: no special abilities


You were on level 8 of the Dungeon.
You visited 2 branches of the dungeon, and saw 9 of its levels.

You collected 368 gold pieces.

Inventory:

Hand Weapons
 F - a +2 flail of holy wrath
 G - a +4 flail of protection (weapon)
 I - a +2 trident
Missiles
 s - 2 throwing nets
Armour
 a - a +1 hat of see invisible (worn)
 h - a +2 robe of the Archmagi (worn)
 m - a +1 robe of willpower
 A - a +0 pair of gloves (worn)
 H - a +1 kite shield of fire resistance (worn)
Jewellery
 e - a ring of protection from cold
 z - a ring of flight
Wands
 r - a wand of iceblast (24)
 v - a wand of flame (78)
 x - a wand of digging (3)
Scrolls
 c - a scroll of brand weapon
 f - 2 scrolls of teleportation {unknown}
 i - a scroll of enchant weapon {unknown}
 k - a scroll of identify {unknown}
 l - 3 scrolls of vulnerability {unknown}
 o - a scroll of acquirement {unknown}
 t - a scroll of immolation {unknown}
 u - 3 scrolls of blinking {unknown}
 y - a scroll of noise {unknown}
 D - 2 scrolls of fear {unknown}
 E - 2 scrolls of poison {unknown}
Potions
 b - 3 potions of magic
 j - 3 potions of curing {unknown}
 p - 3 potions of invisibility {unknown}
 q - a potion of mutation {unknown}
 w - 2 potions of flight {unknown}
 B - a potion of brilliance {unknown}
 C - a potion of attraction {unknown}


   Skills:
 + Level 2.9 Dodging
 - Level 2.1 Stealth
 + Level 0.4 Shields
 + Level 10.0 Spellcasting
 + Level 0.7 Transmutations
 + Level 12.4 Earth Magic


You had 23 spell levels left.
You knew the following spells:

 Your Spells              Type           Power      Damage    Failure   Level
a - Sandblast             Erth           100%       2d20      1%          1
b - Stone Arrow           Conj/Erth      98%        3d13      6%          3
c - Passwall              Tmut/Erth      42%        N/A       2%          2

Your spell library contained the following spells:

 Spells                   Type           Power      Damage    Failure   Level
 Petrify                  Tmut/Erth      51%        N/A       19%         4
 Tukima's Dance           Hex            14%        N/A       61%         3
 Passage of Golubria      Tloc           14%        N/A       95%         4
 Yara's Violent Unravell  Hex/Tmut       8%         3d5       99%         5


Dungeon Overview and Level Annotations

Branches:
Dungeon (8/15)             Temple (1/1) D:7
   Lair: D:8-11

Altars:
Cheibriados
Dithmenos
Gozag
Makhleb
Okawaru
Qazlal
Ru
Sif Muna
Trog
Uskayaw
Wu Jian
Xom
Yredelemnul
Zin


Innate Abilities, Weirdness & Mutations

You are immune to sickness and miasma.
Your stone body is resilient. (AC +7)
You are immune to poison.
You resist negative energy. (rN+)
You are resistant to electric shocks. (rElec)
You are resistant to unholy torment.
You are immune to petrification.


Message History

Aim: a two-headed ogre, wielding a +0 giant club and a +0 giant spiked club (lightly wounded, 93% to hit)
You feel a surge of power!
The blast of sand hits the two-headed ogre!
The two-headed ogre is moderately wounded.
Casting: Sandblast (safe; 1% risk of failure)
Confirm with . or Enter, or press ? or * to list all spells.
Aiming: Sandblast (safe; 1% risk of failure)
Press: ? - help, Shift-Dir - straight line, f/p - two-headed ogre
Aim: a two-headed ogre, wielding a +0 giant club and a +0 giant spiked club (moderately wounded, 93% to hit)
You feel a surge of power!
The blast of sand hits the two-headed ogre!!
The two-headed ogre is severely wounded.
The two-headed ogre hits you with a +0 giant club!!
You block the two-headed ogre's attack.
The two-headed ogre attacks as you move away!
The two-headed ogre hits you with a +0 giant club!!
* * * LOW HITPOINT WARNING * * *
The two-headed ogre misses you.
Casting: Sandblast (safe; 1% risk of failure)
Confirm with . or Enter, or press ? or * to list all spells.
Aiming: Sandblast (safe; 1% risk of failure)
Press: ? - help, Shift-Dir - straight line, f/p - two-headed ogre
Aim: a two-headed ogre, wielding a +0 giant club and a +0 giant spiked club (severely wounded, 93% to hit)
You feel a surge of power!
The blast of sand hits the two-headed ogre.
The two-headed ogre is severely wounded.
The two-headed ogre hits you with a +0 giant club.
* * * LOW HITPOINT WARNING * * *
The two-headed ogre barely misses you.
Casting: Sandblast (safe; 1% risk of failure)
Confirm with . or Enter, or press ? or * to list all spells.
Aiming: Sandblast (safe; 1% risk of failure)
Press: ? - help, Shift-Dir - straight line, f/p - two-headed ogre
Aim: a two-headed ogre, wielding a +0 giant club and a +0 giant spiked club (severely wounded, 93% to hit)
You feel a surge of power!
The blast of sand hits the two-headed ogre.
The two-headed ogre is severely wounded.
You block the two-headed ogre's attack.
The two-headed ogre hits you with a +0 giant spiked club!
You die...

##.## #..# ##.## ####
##..# #...## #..##
#..≈§.# #########.##
#..≈§§J ........†..##
##.†≈≈≈≈ .
...#######.)###..§§§≈≈≈≈
##..@OJ≈§§§≈≈
##..#..≈§§≈≈
#........#§§§§≈≈≈.
#........##..§≈≈.§
#.........##..≈.§#
#.....)...# #...##
#.......... .###
#..........# .
##.........# #.


You could see a two-headed ogre and a jelly.

Vanquished Creatures
  Gastronok (D:8)
  Prince Ribbit (D:6)
  2 hornets (Temple)
  A yak (D:8)
  A water moccasin (D:8)
  2 ice beasts
  An ogre (D:6)
  A centaur (D:7)
  A phantom (D:5)
  3 bullfrogs
  2 kobold brigands
  A gnoll sergeant (D:7)
  9 scorpions
  3 wights (D:7)
  2 howler monkeys (D:7)
  9 hounds
  2 orc priests
  2 gnoll boudas
  4 jellies
  2 iguanas
  3 orc wizards
  16 gnolls
  10 adders
  A white imp (D:5)
  3 ufetubi
  A dart slug (D:4)
  8 orcs
  14 bats
  8 endoplasms
  3 giant cockroaches
  2 goblins
  9 hobgoblins
  8 jackals (D:5)
  13 kobolds
  3 quokkas
  8 ball pythons
  4 frilled lizards
  8 rats
172 creatures vanquished.

Vanquished Creatures (others)
  4 fungi (D:6)
  7 plants
11 creatures vanquished.

Grand Total: 183 creatures vanquished

Notes
Turn   | Place    | Note
-------+----------+-------------------------------------------
     0 | D:1      | Hakkniv the Gargoyle Earth Elementalist began the quest for
                  | the Orb.
     0 | D:1      | Reached XP level 1. HP: 10/10 MP: 3/3
   186 | D:1      | Reached skill level 4 in Earth Magic
   186 | D:1      | Reached XP level 2. HP: 15/15 MP: 3/5
   657 | D:1      | Found a faded altar of an unknown god.
   982 | D:2      | Reached XP level 3. HP: 19/19 MP: 1/6
  1312 | D:2      | Learned a level 3 spell: Stone Arrow
  1315 | D:2      | Learned a level 2 spell: Passwall
  1318 | D:2      | Found a snail-covered altar of Cheibriados.
  1608 | D:2      | Reached XP level 4. HP: 24/24 MP: 6/8
  2300 | D:3      | Reached skill level 5 in Earth Magic
  2300 | D:3      | Reached XP level 5. HP: 25/28 MP: 3/10
  3189 | D:4      | Reached skill level 6 in Earth Magic
  3189 | D:4      | Reached XP level 6. HP: 32/32 MP: 8/12
  4062 | D:5      | Entered Level 5 of the Dungeon
  4207 | D:5      | Reached XP level 7. HP: 36/36 MP: 12/14
  4287 | D:5      | Found a sacrificial altar of Ru.
  4289 | D:5      | Reached skill level 7 in Earth Magic
  4304 | D:5      | Reached skill level 5 in Spellcasting
  4447 | D:5      | Found an iron altar of Okawaru.
  4546 | D:5      | Reached skill level 8 in Earth Magic
  4546 | D:5      | Reached XP level 8. HP: 30/41 MP: 11/16
  5018 | D:5      | Found a bloodstained altar of Trog.
  5183 | D:5      | Found a hide-covered altar of Uskayaw.
  5313 | D:6      | Found a burning altar of Makhleb.
  5636 | D:6      | Reached skill level 9 in Earth Magic
  5843 | D:6      | Noticed Prince Ribbit
  5848 | D:6      | Killed Prince Ribbit
  5849 | D:6      | Reached XP level 9. HP: 45/45 MP: 16/20
  6038 | D:6      | Reached skill level 10 in Earth Magic
  6392 | D:7      | Noticed a hornet
  6916 | D:7      | Found a staircase to the Ecumenical Temple.
  6933 | Temple   | Entered the Ecumenical Temple
  7043 | D:7      | Noticed a hornet
  7058 | Temple   | Killed a hornet
  7261 | Temple   | Killed a hornet
  7262 | Temple   | Reached skill level 11 in Earth Magic
  8116 | D:8      | Noticed Gastronok
  8127 | D:8      | Killed Gastronok
  8128 | D:8      | Reached skill level 12 in Earth Magic
  8128 | D:8      | Reached XP level 10. HP: 18/50 MP: 14/23
  8439 | D:8      | Reached skill level 10 in Spellcasting
  8446 | D:8      | Noticed a two-headed ogre
  8460 | D:8      | Slain by a two-headed ogre

Illustrated notes

Levels and vault maps discovered:
D:1:      tarquinn_simple_flora_water_c, layout_loops_ring,
          dreamdust_ecumenical_altar_grove
D:2:      layout_basic, basic_altar
D:3:      layout_basic
D:4:      layout_basic, nicolae_kite_square_tiling_tiny, lexackson_kobold_supper
D:5:      layout_loops_ring, lemuel_tele_altar, kennysheep_mini_moat,
          nicolae_overflow_hidden_temple, mainiacjoe_overflow_paths,
          serial_rivers, chequers_serial_rivers_micro_b,
          chequers_serial_rivers_micro_e, chequers_serial_rivers_small_b,
          chequers_serial_rivers_micro_b, minmay_crystal_water
D:6:      old_forge, layout_basic, mainiacjoe_overflow_tiny_flanked,
          uniq_prince_ribbit1
D:7:      layout_basic, minmay_temple_entry_mini_moons
D:8:      layout_cave_pods, nicolae_ashenzari_skybound,
          amcnicky_mini_pool_medium, uniq_gastronok, uniq_pikel
Temple:   kb_temple_of_zot

Skill      XL: |  1  2  3  4  5  6  7  8  9 10 |
---------------+-------------------------------+-----
Earth Magic    | 4 5 6 8 9 12 | 12.4
Spellcasting   | 3 4 5 7 9 10 | 10.0
Dodging        | 2 |  2.9
Stealth        | |  2.1
Shields        | |  0.4
Transmutations | |  0.7

Action                   |  1- 3 |  4- 6 |  7- 9 | 10-12 || total
-------------------------+-------+-------+-------+-------++-------
Melee: Unarmed           |     3 |       |       |       ||     3
       Short sword       |     3 |    24 |       |       ||    27
 Cast: Sandblast         |    48 |    77 |   154 |     8 ||   287
  Use: Scroll            |       |       |     1 |       ||     1
Armor: Robe              |    18 |    11 |    26 |       ||    55
Dodge: Dodged            |    27 |    11 |    43 |     2 ||    83
Block: Kite shield       |       |       |     5 |     2 ||     7
